 Dungeon Crawl Stone Soup version 0.31-a0-963-ga325b2283a (webtiles) character file.

Game seed: 3865900203267285729

280 Maxmaps the Changeling (level 6, -3/57 HPs)
             Began as an Octopode Shapeshifter on Oct 25, 2023.
             Slain by an orc
             ... wielding a +0 morningstar
              (4 damage)
             ... on level 4 of the Dungeon.
             The game lasted 00:02:19 (2132 turns).

Maxmaps the Changeling (Octopode Shapeshifter)      Turns: 2132, Time: 00:02:19

Health: -3/57      AC: 19    Str: 13    XL:     6   Next: 27%
Magic:  6/6        EV:  2    Int: 15    God:
Gold:   94         SH:  0    Dex: 11    Spells: 5/5 levels left

rFire   . .          .
                       - Unarmed
rCold   . . .        (no shield)
rNeg    . . .        (helmet currently unavailable)
rPois   +            (no amulet)
rElec   .            d - ring of wizardry
rCorr   .            (no ring)
SInv    .            (no ring)
Will    .....        (no ring)
Stlth   +            (no ring)
HPRegen 0.29/turn    (no ring)
MPRegen 0.10/turn    (no ring)
                     (no ring)

%: wizardry (x1)
@: tree-form, corroded
A: stationary, stasis, torment immunity, boosted hp, almost no armour,
(amphibious), 8 rings, (camouflage 1), (gelatinous body 1), (nimble swimmer 1),
(tentacles)
a: no special abilities


You were on level 4 of the Dungeon.
You were a tree.
You visited 1 branch of the dungeon, and saw 4 of its levels.

You collected 94 gold pieces.

Inventory:

Jewellery
 d - a ring of wizardry (left branch)
Talismans
 b - a beast talisman
 c - a flux talisman
Scrolls
 e - a scroll of fear
 f - a scroll of enchant armour
Potions
 a - a potion of lignification
 h - a potion of enlightenment {unknown}
 i - a potion of invisibility {unknown}
 j - a potion of ambrosia {unknown}
 k - 2 potions of mutation {unknown}


   Skills:
 - Level 1.0 Fighting
 - Level 2.0 Dodging
 - Level 3.0 Unarmed Combat
 + Level 6.4 Shapeshifting


You had 5 spell levels left.
You didn't know any spells.
Your spell library contained the following spells:

 Spells                   Type           Power      Damage    Failure   Level
 Apportation              Tloc           0%         N/A       11%         1
 Necrotise                Necr           0%         1d4       11%         1
 Summon Small Mammal      Summ           0%         N/A       11%         1
 Ozocubu's Armour         Ice            0%         N/A       32%         3
 Volatile Blastmotes      Fire/Tloc      0%         2d10      32%         3
 Fulminant Prism          Conj/Hex       0%         3d5       69%         4
 Iskenderun's Mystic Bla  Conj/Tloc      0%         2d3       69%         4
 Simulacrum               Ice/Necr       0%         N/A       100%        6
 Ozocubu's Refrigeration  Ice            0%         4d7       100%        7
 Polar Vortex             Ice            0%         N/A       100%        9


Dungeon Overview and Level Annotations

Branches:
Dungeon (4/15)
 Temple: D:4-7

Altars:

Shops:
D:4 =


Innate Abilities, Weirdness & Mutations

You are a tree.
Your roots penetrate the ground, keeping you stationary.
You cannot be teleported.
You are immune to unholy pain and torment.
Your maximum health is greatly increased.
You cannot wear most types of armour.
((You are amphibious.))
You can wear up to eight rings at the same time.
((Your skin changes colour to match your surroundings (Stealth+).))
((Your rubbery body absorbs attacks. (AC +1, EV +1)))
((You are camouflaged when in or above water. (Stealth+)))
((You have tentacles for arms and can constrict up to eight enemies at once.))


Message History

You smack the jelly!
Your branches burn!
* * * LOW HITPOINT WARNING * * *
The jelly is severely wounded.
The adder bites you but does no damage. The jelly hits you but does no damage.
An orc priest comes into view. It is wielding a +0 mace.
You smack the jelly!
You kill the jelly!
The adder bites you but does no damage.
An orc comes into view. It is wielding a +0 hand axe.
The orc hits you but does no damage.
You hit the adder.
The adder is lightly wounded.
The adder bites you but does no damage. x2
The orc hits you with a +0 morningstar.
* * * LOW HITPOINT WARNING * * *
You miss the adder.
The adder is lightly wounded.
The adder bites you but does no damage. The orc hits you but does no damage.
You hit the adder.
The adder is heavily wounded.
The adder bites you.
* * * LOW HITPOINT WARNING * * *
You hit the orc.
The orc is severely wounded.
An orc comes into view. It is wielding a +0 mace.
The orc hits you but does no damage. The adder bites you but does no damage.
You miss the adder.
The adder is heavily wounded.
The adder bites you but does no damage.
The orc priest calls upon Beogh to heal the orc.
The orc's wounds heal themselves!
The orc hits you with a +0 morningstar!
* * * LOW HITPOINT WARNING * * *
The adder bites you but does no damage.
You hear a shout! x2
You barely miss the orc. The orc hits you but does no damage.
The adder bites you but does no damage.
You closely miss the adder.
The adder is heavily wounded.
The orc hits you with a +0 morningstar.
You die...

.. .##....##...#
...#..#........#
.#.#....#......##
#...#...#.......#
...............#
...#..#........#
..).o..........#
....o.S♣.......##
......o..#......#
...o.....##....##
......#####...##
...........#####....##
.............#......#
.....#######..#..###
#... ##..†###.## #..##
#.....####


You could see an orc priest, an adder and 3 orcs.

Vanquished Creatures
  A phantom (D:4)
  2 hounds (D:4)
  2 jellies (D:4)
  3 adders
  A dart slug (D:4)
  7 bats
  9 endoplasms
  3 giant cockroaches
  7 goblins
  8 hobgoblins
  7 kobolds
  3 quokkas
  2 frilled lizards
  A rat (D:2)
56 creatures vanquished.

Notes
Turn   | Place    | Note
-------+----------+-------------------------------------------
     0 | D:1      | Maxmaps the Octopode Shapeshifter began the quest for the
                  | Orb.
     0 | D:1      | Reached XP level 1. HP: 13/13 MP: 1/1
    96 | D:1      | Reached XP level 2. HP: 17/18 MP: 2/2
   508 | D:1      | Reached XP level 3. HP: 23/23 MP: 3/3
   512 | D:1      | Reached skill level 4 in Shapeshifting
   994 | D:2      | Found a faded altar of an unknown god.
  1149 | D:2      | Reached XP level 4. HP: 18/28 MP: 4/4
  1529 | D:3      | Found the +7 staff of the Meek {protect, meekguard}
  1778 | D:4      | Reached skill level 5 in Shapeshifting
  1887 | D:4      | Found Voin's One-of-a-Kind Rings.
  1897 | D:4      | Reached XP level 5. HP: 8/33 MP: 5/5
  1993 | D:4      | Noticed a phantom
  2002 | D:4      | Killed a phantom
  2003 | D:4      | Reached skill level 6 in Shapeshifting
  2003 | D:4      | Reached XP level 6. HP: 18/38 MP: 6/6
  2130 | D:4      | HP: 1/57 [orc/+0 morningstar (10)]
  2132 | D:4      | Slain by an orc

Illustrated notes

Levels and vault maps discovered:
D:1:      amcnicky_arrival_single_pillar, layout_rooms, chequers_jeans,
          minmay_misc_feat_x, nrook_mini_vaults
D:2:      layout_rooms, nicolae_ecumenical_lake_church
D:3:      layout_basic, mrwooster_statue_mirror
D:4:      layout_cave_pools, minmay_temple_entry_mini_moons,
          nicolae_shop_unique_rings, nicolae_shop_firing_range

Skill      XL: |  1  2  3  4  5 |
---------------+----------------+-----
Shapeshifting  | 4 5 6 |  6.4
Fighting       | |  1.0
Dodging        | |  2.0
Unarmed Combat | |  3.0

Action                     |  1- 3 |  4- 6 || total
---------------------------+-------+-------++-------
  Melee: Unarmed           |    74 |    52 ||   126
         Constrict         |    17 |     9 ||    26
         Tentacles         |    15 |    10 ||    25
         Punch             |     1 |     1 ||     2
    Use: Scroll            |       |     5 ||     5
         Potion            |       |     1 ||     1
   Stab: Sleeping          |     6 |     3 ||     9
 Armour: Skin              |    32 |    39 ||    71
  Dodge: Dodged            |    32 |    20 ||    52

Table legend: (Time is in decaauts)
 A = Elapsed time spent in this place.
 B = Non-inter-level travel time spent in this place.
 C = Inter-level travel time spent in this place.
 D = Time resting spent in this place.
 E = Time spent auto-exploring this place.
 F = Levels seen in this place.
 G = Mean time per level.
                   A        B        C        D        E       F      G
               +--------+--------+--------+--------+--------+-----+--------+
         Total |   2123 |   2042 |     81 |    344 |   1335 |   4 |  530.8 |
       Dungeon |   2123 |   2042 |     81 |    344 |   1335 |   4 |  530.8 |
               +--------+--------+--------+--------+--------+-----+--------+

Top non-repeatable levels by time:
     D:1: 672 daAuts
     D:2: 589 daAuts
     D:3: 497 daAuts
     D:4: 364 daAuts
